 Dungeon Crawl Stone Soup version 0.29.0-4-gdea44cf6ec (webtiles) character file.

Game seed: 8562739918581012787

85 qw the Chopper (level 4, 0/26 HPs)
             Began as a Tengu Warper on Aug 28, 2022.
             Slain by an orc wizard
             ... wielding a +0 dagger
              (4 damage)
             ... on level 3 of the Dungeon.
             The game lasted 00:00:15 (3100 turns).

qw the Chopper (Tengu Warper)                       Turns: 3100, Time: 00:00:15

Health: 0/26       AC:  6    Str: 13    XL:     4   Next: 48%
Magic:  8/8        EV:  9    Int: 14    God:
Gold:   98         SH:  0    Dex: 13    Spells: 7/7 levels left

rFire   . . .      SeeInvis .   Y - +0 hand axe (venom)
rCold   . . .      Faith    .   (no shield)
rNeg    . . .      Spirit   .   b - +0 scale mail
rPois   .          Reflect  .   (helmet restricted)
rElec   .          Harm     .   (no cloak)
rCorr   .          Rampage  .   (no gloves)
Will    .....                   (boots unavailable)
Stlth   ..........              (no amulet)
HPRegen 0.08/turn               (no ring)
MPRegen 0.11/turn               (no ring)

@: confused
A: beak, talons 3
a: no special abilities


You were on level 3 of the Dungeon.
You visited 1 branch of the dungeon, and saw 3 of its levels.

You collected 98 gold pieces.


Innate Abilities, Weirdness & Mutations

You have a beak for a mouth.
You have claws for feet.


   Skills:
 - Level 2.0 Fighting
 + Level 5.0 Axes
 - Level 1.0 Throwing
 - Level 1.1 Armour
 - Level 2.1 Dodging
 - Level 2.0 Spellcasting
 - Level 2.4 Translocations


You had 7 spell levels left.
You didn't know any spells.
Your spell library contained the following spells:

 Spells                   Type           Power      Damage    Failure   Level
 Blink                    Tloc           16%        N/A       54%         2
 Gell's Gravitas          Tloc           8%         N/A       78%         3
 Lesser Beckoning         Tloc           8%         N/A       78%         3
 Teleport Other           Tloc           8%         N/A       78%         3
 Manifold Assault         Tloc           8%         N/A       100%        5

Inventory:

Hand Weapons
 h - a +0 whip
 Y - a +0 hand axe of venom (weapon)
Armour
 b - a +0 scale mail (worn)
Scrolls
 a - a scroll of teleportation {unknown}
Potions
 c - a potion of invisibility {unknown}
 e - a potion of berserk rage {unknown}
 g - 2 potions of lignification {unknown}

Dungeon Overview and Level Annotations

Branches:
Dungeon (3/15)

Altars:
Wu Jian

Shops:
D:1 =


Message History

A giant cockroach comes into view.
Found 11 gold pieces.
The giant cockroach moves out of view.
A giant cockroach is nearby!
You barely miss the giant cockroach. You claw the giant cockroach.
The giant cockroach is heavily wounded.
The giant cockroach closely misses you.
You hit the giant cockroach but do no damage.
You claw the giant cockroach.
You kill the giant cockroach!
You now have 87 gold pieces (gained 5).
You see here a giant cockroach corpse.
You hear the slow rusting of a drain nearby.
You now have 98 gold pieces (gained 11).
An orc wizard comes into view. It is wielding a +0 dagger.
Enter note:
Found a cloak.
The orc wizard shouts!
An orc comes into view. It is wielding a +0 morningstar.
The orc shouts!
An orc comes into view. It is wielding a +3 flail.
The orc wizard casts a spell at you.
You are confused.
The orc wizard gestures at you while chanting.
You are more confused.
The orc wizard mumbles some strange words.
The orc wizard flickers and vanishes!
Deactivating autopickup; reactivate with Ctrl-A.
Something hits you but does no damage. The orc attacks as you move away!
The orc completely misses you.
A magic dart appears from out of thin air!
The magic dart hits you. The orc barely misses you. Something hits you.
You hit the orc.
The orc is poisoned.
Your kick misses the orc. Your peck misses the orc.
The orc is moderately wounded.
You closely miss the orc. You completely miss something.
The orc hits you with a +3 flail! The orc hits you with a +0 morningstar.
Something hits you. Something hits you.
You die...

...##.### #..................
...##..######..####....#####.
........##.........#..##
#.##.................##
#.....#.##.........#..#
##....#.##.........#.##
###.#.#..#.<.......#.#
..#.#....#.........#.##
..#.#...........@o....#
................o{..#.#
........8...........#.~.
........8.............~.
..#%###......####......~#
..#.# ####..... .....####
.##.# #$..........[.
.#.<#####...............
........... .. .....##..


You could see 2 orcs.

Vanquished Creatures
  A hound skeleton (D:3)
  2 adders (D:2)
  An adder skeleton (D:3)
  2 worms (D:2)
  4 bats
  6 endoplasms
  2 giant cockroaches (D:3)
  4 goblins
  7 hobgoblins
  3 kobolds
  A quokka (D:3)
  7 ball pythons
  2 frilled lizards (D:1)
  2 rats
44 creatures vanquished.

Vanquished Creatures (others)
  5 fungi (D:3)
  2 withered plants (D:3)
7 creatures vanquished.

Grand Total: 51 creatures vanquished

Notes
Turn   | Place    | Note
-------+----------+-------------------------------------------
     0 | D:1      | qw the Tengu Warper began the quest for the Orb.
     0 | D:1      | Reached XP level 1. HP: 12/12 MP: 4/4
     0 | D:1      | 0 ||| qw: Version: 0.1-a-89-g26bdef1
     0 | D:1      | 0 ||| qw: Game counter: 3056
     0 | D:1      | 0 ||| qw: Always use a shield: true
     0 | D:1      | 0 ||| qw: God list: Okawaru
     0 | D:1      | 0 ||| qw: Allow faded altars: false
     0 | D:1      | 0 ||| qw: Do Orc after D:15 true
     0 | D:1      | 0 ||| qw: Do second Lair branch before Depths: true
     0 | D:1      | 0 ||| qw: Lair rune preference: random
     0 | D:1      | 0 ||| qw: Plans: Normal
     0 | D:1      | 0 ||| PLANNING D:1-11
   188 | D:1      | HP: 2/12 [frozen (5)]
   469 | D:1      | Reached XP level 2. HP: 17/17 MP: 6/6
   475 | D:1      | Reached skill level 3 in Axes
   476 | D:1      | 476 ||| Stepping ~*~*~tactically~*~*~ (stealth).
   477 | D:1      | 477 ||| Stepping ~*~*~tactically~*~*~ (stealth).
   507 | D:1      | 507 ||| Stepping ~*~*~tactically~*~*~ (stealth).
   508 | D:1      | 508 ||| Stepping ~*~*~tactically~*~*~ (stealth).
   509 | D:1      | 509 ||| Stepping ~*~*~tactically~*~*~ (stealth).
   510 | D:1      | 510 ||| Stepping ~*~*~tactically~*~*~ (stealth).
   919 | D:1      | 919 ||| Stepping ~*~*~tactically~*~*~ (stealth).
   920 | D:1      | 920 ||| Stepping ~*~*~tactically~*~*~ (stealth).
   922 | D:1      | 922 ||| Stepping ~*~*~tactically~*~*~ (stealth).
   923 | D:1      | 923 ||| Stepping ~*~*~tactically~*~*~ (stealth).
  1148 | D:1      | Found Hugieg's Jewellery Emporium.
  1218 | D:1      | 1218 ||| SHOPLISTING +6 ring of dexterity (432 gold, have
                  | 53).
  1218 | D:1      | 1218 ||| SHOPLISTING amulet "Esahebly" {RegenMP Str+6} (595
                  | gold, have 53).
  1218 | D:1      | 1218 ||| SHOPLISTING amulet of regeneration (360 gold, have
                  | 53).
  1218 | D:1      | 1218 ||| SHOPLISTING amulet of the acrobat (360 gold, have
                  | 53).
  1218 | D:1      | 1218 ||| SHOPLISTING ring "Gabyulov" {rElec rPois Str+2
                  | Dex-3 SInv} (373 gold, have 53).
  1218 | D:1      | 1218 ||| SHOPLISTING ring of protection from cold (300
                  | gold, have 53).
  1272 | D:1      | 1272 ||| Stepping ~*~*~tactically~*~*~ (stealth).
  1283 | D:1      | 1283 ||| Stepping ~*~*~tactically~*~*~ (stealth).
  1407 | D:1      | 1407 ||| UPGRADING to +0 ring mail.
  1417 | D:1      | 1417 ||| DROPPING +0 leather armour.
  1418 | D:1      | 1418 ||| READING scroll labelled ALUFUU UGHYKH.
  1419 | D:1      | 1419 ||| READING 3 scrolls labelled HINGAUS ZOIT.
  1420 | D:1      | 1420 ||| READING scroll labelled GOUSSE QOATYPE.
  1421 | D:1      | 1421 ||| READING scroll labelled HUSKUW KAOMEYDE.
  1422 | D:1      | 1422 ||| READING scroll labelled ETIXZI PETU.
  1423 | D:1      | 1423 ||| DRINKING 2 white potions.
  1424 | D:1      | 1424 ||| DROPPING scroll of blinking.
  1425 | D:1      | 1425 ||| DROPPING 2 scrolls of amnesia.
  1610 | D:2      | Reached XP level 3. HP: 16/21 MP: 7/7
  1740 | D:2      | Reached skill level 4 in Axes
  1971 | D:2      | 1971 ||| FLEEEEING.
  1972 | D:2      | 1972 ||| FLEEEEING.
  1973 | D:2      | 1973 ||| FLEEEEING.
  1974 | D:2      | 1974 ||| FLEEEEING.
  1975 | D:2      | 1975 ||| FLEEEEING.
  1976 | D:2      | 1976 ||| FLEEEEING.
  1977 | D:2      | 1977 ||| FLEEEEING.
  1978 | D:2      | 1978 ||| FLEEEEING.
  1979 | D:2      | 1979 ||| FLEEEEING.
  1980 | D:2      | 1980 ||| FLEEEEING.
  1981 | D:2      | 1981 ||| FLEEEEING.
  1998 | D:2      | 1998 ||| FLEEEEING.
  2015 | D:2      | 2015 ||| FLEEEEING.
  2016 | D:2      | 2016 ||| FLEEEEING.
  2033 | D:2      | 2033 ||| FLEEEEING.
  2058 | D:2      | 2058 ||| FLEEEEING.
  2059 | D:2      | 2059 ||| FLEEEEING.
  2060 | D:2      | 2060 ||| FLEEEEING.
  2061 | D:2      | 2061 ||| FLEEEEING.
  2062 | D:2      | 2062 ||| FLEEEEING.
  2063 | D:2      | 2063 ||| FLEEEEING.
  2064 | D:2      | 2064 ||| FLEEEEING.
  2065 | D:2      | 2065 ||| FLEEEEING.
  2066 | D:2      | 2066 ||| FLEEEEING.
  2067 | D:2      | 2067 ||| FLEEEEING.
  2068 | D:2      | 2068 ||| FLEEEEING.
  2069 | D:2      | 2069 ||| FLEEEEING.
  2676 | D:2      | Reached XP level 4. HP: 26/26 MP: 8/8
  2702 | D:2      | 2702 ||| UPGRADING to +0 scale mail.
  2712 | D:2      | 2712 ||| DROPPING +0 ring mail.
  2713 | D:2      | 2713 ||| READING scroll labelled JOZOSI LEASTRU.
  2814 | D:2      | 2814 ||| READING scroll labelled DOLIXI PILUKKEMAO.
  2815 | D:2      | 2815 ||| READING scroll labelled YQEKUA ITHRAZO WIE.
  2816 | D:2      | 2816 ||| Stepping randomly (stuck).
  2817 | D:2      | 2817 ||| Stepping ~*~*~tactically~*~*~ (cloud).
  2818 | D:2      | 2818 ||| DRINKING potion of curing.
  2818 | D:2      | 2818 ||| (to cure poison)
  2922 | D:3      | Found an ornate altar of the Wu Jian Council.
  2923 | D:3      | 2923 ||| PLANNING SEWER
  3032 | D:3      | Reached skill level 5 in Axes
  3099 | D:3      | HP: 6/26 [orc/+0 morningstar (5)]
  3100 | D:3      | Slain by an orc wizard

Levels and vault maps discovered:
D:1:      erik_arrival_triangle_small, layout_basic, serial_shops,
          nicolae_shop_waterfront
D:2:      layout_basic
D:3:      layout_rooms, mainiacjoe_overflow_boulevard,
          mainiacjoe_overflow_catch_the_wave, gup_sewer_entry_pipe,
          serial_undead, serial_undead_c, serial_undead_d, serial_undead_b,
          serial_undead_e, minmay_fractal_squares_5

Skill      XL: |  1  2  3  4 |
---------------+-------------+-----
Axes           | 3 4 5 |  5.0
Fighting       | |  2.0
Throwing       | |  1.0
Armour         | |  1.1
Dodging        | |  2.1
Spellcasting   | |  2.0
Translocations | |  2.4

Action                   |  1- 3 |  4- 6 || total
-------------------------+-------+-------++-------
Melee: Hand axe          |    72 |    25 ||    97
       Kick              |    19 |     8 ||    27
       Peck              |    14 |     3 ||    17
       Punch             |     1 |       ||     1
Throw: Boomerang         |     7 |       ||     7
  Use: Scroll            |     5 |     3 ||     8
       Potion            |     1 |     1 ||     2
Armor: Leather armour    |    10 |       ||    10
       Ring mail         |     9 |       ||     9
       Scale mail        |       |    11 ||    11
Dodge: Dodged            |    26 |     7 ||    33

Table legend:
 A = Non-vault XP
 B = Vault XP
 C = Vault XP percentage of total XP
 D = Non-vault monster count
 E = Vault monster count
 F = Vault count percentage of total count
                 A         B        C        D         E       F
            +---------+---------+-------+---------+---------+-------
      Total |      99 |      23 |  18.9 |      42 |       2 |   4.5
            +---------+---------+-------+---------+---------+-------
        D:1 |      29 |       0 |   0.0 |      18 |       0 |   0.0
        D:2 |      54 |       0 |   0.0 |      15 |       0 |   0.0
        D:3 |      16 |      23 |  59.0 |       9 |       2 |  18.2
            +---------+---------+-------+---------+---------+-------
